 Dungeon Crawl Stone Soup version 0.24-a0-235-g3f03afc (webtiles) character file.

Game seed: 17170292172180511739

4564 Hylith the Grappler (level 10, -3/94 HPs)
             Began as a Troll Fighter on Apr 7, 2019.
             Was a Follower of Trog.
             Slain by an orc warrior
             ... wielding a +0 scimitar
              (15 damage)
             ... on level 9 of the Dungeon.
             The game lasted 00:14:45 (6623 turns).

Hylith the Grappler (Troll Fighter)                 Turns: 6623, Time: 00:14:46

Health: -3/94      AC:  6    Str: 26    XL:     10   Next: 18%
Magic:  9/9        EV: 12    Int:  4    God:    Trog [*.....]
Gold:   500        SH: 10    Dex: 12    Spells: 9/9 levels left

rFire    + . .     SeeInvis .     - Unarmed
rCold    . . .     Gourm    +   b - +0 shield
rNeg     . . .     Faith    .   a - +0 robe
rPois    .         Spirit   .   (helmet restricted)
rElec    .         Reflect  .   (no cloak)
rCorr    +         Harm     +   (gloves unavailable)
MR       .....                  (boots unavailable)
Stlth    +.........             C - amulet of harm
HPRegen  0.65/turn              h - ring of resist corrosion
MPRegen  0.11/turn              z - ring of protection from fire

@: lethally poisoned (-3 -> -5)
A: large, unfitting armour, claws 3, fast metabolism 3, gourmand, regeneration
1, shaggy fur 1, tough skin 3
a: Berserk, Renounce Religion


You were on level 9 of the Dungeon.
You worshipped Trog.
Trog was aware of your devotion.
You were very full.

You visited 2 branches of the dungeon, and saw 10 of its levels.

You collected 500 gold pieces.

Inventory:

Missiles
 w - 296 stones (quivered)
 H - 4 large rocks
Armour
 a - a +0 robe (worn)
 b - a +0 shield (worn)
Jewellery
 h - a ring of resist corrosion (left claw)
 t - an uncursed ring of resist corrosion
 z - a ring of protection from fire (right claw)
 C - an amulet of harm (around neck)
 G - an uncursed ring of wizardry
 I - an uncursed ring of protection from fire
Wands
 q - a wand of paralysis (3)
 E - a wand of digging (6)
Scrolls
 i - 2 scrolls of magic mapping {unknown}
 j - 3 scrolls of amnesia {unknown}
 k - 4 scrolls of remove curse
 m - 3 scrolls of enchant armour {unknown}
 n - 5 scrolls of teleportation {unknown}
 o - a scroll of fear {unknown}
 r - 3 scrolls of identify {unknown}
 v - a scroll of immolation {unknown}
 x - a scroll of blinking {unknown}
 y - a scroll of enchant weapon {unknown}
 A - a scroll of noise {unknown}
 B - 3 scrolls of fog {unknown}
 F - 2 scrolls of random uselessness {unknown}
Potions
 c - 3 potions of might
 e - 4 potions of curing {unknown}
 f - a potion of agility {unknown}
 g - 2 potions of heal wounds {unknown}
 l - a potion of flight {unknown}
 p - a potion of brilliance {unknown}
 s - 3 potions of mutation {unknown}
 u - a potion of berserk rage {unknown}
 D - 3 potions of invisibility {unknown}
Comestibles
 d - 15 rations
 J - 6 chunks of flesh


   Skills:
 * Level 4.8 Fighting
 * Level 6.2 Dodging
 * Level 6.1 Shields
 * Level 10.4 Unarmed Combat


You had 9 spell levels left.
You didn't know any spells.
Your spell library was empty.

Dungeon Overview and Level Annotations

Branches:
Dungeon (9/15)             Temple (1/1) D:7            Lair (0/6) D:8
    Orc (0/2) D:9

Altars:
Ashenzari
Cheibriados
Dithmenos
Elyvilon
Fedhas
Gozag
Hepliaklqana
Kikubaaqudgha
Makhleb
Nemelex Xobeh
Okawaru
Qazlal
Ru
Trog
Uskayaw
Vehumet
Wu Jian
Xom
Yredelemnul
Zin
The Shining One

Shops:
D:9 [(


Innate Abilities, Weirdness & Mutations

You are too large for most types of armour.
You have claws for hands.
Your metabolism is lightning-fast.
You like to eat raw meat.
Your natural rate of healing is unusually fast.
You are covered in fur. (AC +1)
You have extremely tough skin. (AC +3)


Message History

You mangle the bullfrog!!
You kill the bullfrog!
Trog accepts your kill.
You feel sick.
You scratch the orc but do no damage.
You feel sick. You block the orc's attack.
You claw the orc!
You kill the orc!
Trog accepts your kill.
You feel sick.
You closely miss the orc warrior.
You feel sick. You block the orc warrior's attack.
Your shield prevents you from hitting the orc warrior.
You feel sick.
The orc warrior hits you with a +0 scimitar.
* * * LOW HITPOINT WARNING * * *
You scratch the orc warrior but do no damage.
You feel sick.
The orc warrior hits you with a +0 scimitar!
You die...

#.......$$...$.
#..........)...
#.>.....∩.>.∩.$
#..............
.....o..$....
#...%...... #........#
####)# ###.@oo# ####+###
#...#### #......#
###.###########......#
#........##...'......#
#.............###<.....#
#..#........####
#......# #. #........#
#......# .. #........#
#......# # #........#
##'#####


You could see an orc warrior and an orc.

Vanquished Creatures
  A two-headed ogre (D:8)
  An oklob plant (D:6)
  Grinder (D:3)
  2 hippogriffs
  A spriggan (D:7)
  Menkaure (D:7)
  An orc warrior (D:8)
  An ice beast (D:7)
  A necrophage (D:8)
  4 ogres
  A centaur (D:7)
  3 bullfrogs
  2 scorpions
  7 killer bees
  3 wights (D:7)
  3 howler monkeys (D:6)
  4 crimson imps
  2 bullfrog zombies
  4 hounds
  4 orc priests
  A bullfrog skeleton (D:4)
  2 iguanas (D:4)
  4 orc wizards
  7 worker ants
  A hound skeleton (D:7)
  A hound zombie (D:4)
  A worker ant zombie (D:8)
  14 gnolls
  8 adders
  3 shadow imps
  An adder skeleton (D:5)
  2 worms
  2 dart slugs
  2 leopard geckos
  30 orcs
  3 giant cockroaches
  7 goblins
  10 hobgoblins
  4 jackals (D:1)
  4 quokkas
  2 ball pythons
  8 bats
  5 frilled lizards
  A jackal skeleton (D:4)
  6 kobolds
  A leopard gecko zombie (D:6)
  A quokka zombie (D:4)
  12 rats
190 creatures vanquished.

Vanquished Creatures (others)
  A plant (D:7)
1 creature vanquished.

Grand Total: 191 creatures vanquished

Notes
Turn   | Place    | Note
-------+----------+-------------------------------------------
     0 | D:1      | Hylith the Troll Fighter began the quest for the Orb.
     0 | D:1      | Reached XP level 1. HP: 22/22 MP: 0/0
   132 | D:1      | Reached XP level 2. HP: 29/29 MP: 1/1
   425 | D:1      | Reached XP level 3. HP: 31/36 MP: 2/2
   850 | D:2      | You fall through a shaft for 2 floors!
   862 | D:4      | Reached skill level 3 in Unarmed Combat
   862 | D:4      | Reached XP level 4. HP: 44/44 MP: 3/3
   956 | D:4      | Reached XP level 5. HP: 47/52 MP: 4/4
  1404 | D:4      | Reached skill level 4 in Unarmed Combat
  1439 | D:4      | Reached XP level 6. HP: 61/61 MP: 5/5
  1554 | D:5      | Entered Level 5 of the Dungeon
  1665 | D:3      | Noticed Grinder
  1730 | D:3      | Killed Grinder
  1730 | D:3      | Reached skill level 5 in Unarmed Combat
  1730 | D:3      | Reached XP level 7. HP: 67/67 MP: 6/6
  3236 | D:5      | Reached skill level 6 in Unarmed Combat
  3921 | D:6      | Reached XP level 8. HP: 75/75 MP: 7/7
  4077 | D:6      | Found a sparkling altar of Nemelex Xobeh.
  4077 | D:6      | Noticed an oklob plant
  4120 | D:6      | Killed an oklob plant
  4120 | D:6      | Reached skill level 7 in Unarmed Combat
  4174 | D:6      | Reached skill level 5 in Shields
  4489 | D:7      | Reached skill level 5 in Dodging
  4499 | D:7      | Found a blossoming altar of Fedhas.
  4553 | D:7      | Reached skill level 8 in Unarmed Combat
  4750 | D:7      | Found a staircase to the Ecumenical Temple.
  4754 | D:7      | Noticed Menkaure
  4810 | D:7      | Killed Menkaure
  4810 | D:7      | Reached XP level 9. HP: 32/84 MP: 8/8
  4824 | Temple   | Entered the Ecumenical Temple
  4865 | Temple   | Became a worshipper of Trog the Wrathful
  5348 | D:7      | Reached skill level 9 in Unarmed Combat
  5604 | D:8      | Reached * piety under Trog
  5797 | D:8      | Found a staircase to the Lair.
  5860 | D:8      | Noticed a two-headed ogre
  5867 | D:8      | Killed a two-headed ogre
  5867 | D:8      | Reached skill level 10 in Unarmed Combat
  5867 | D:8      | Reached XP level 10. HP: 83/94 MP: 9/9
  6590 | D:9      | Found Nuehuulit's Weapon Boutique.
  6591 | D:9      | Found Cywihiud's Armour Boutique.
  6591 | D:9      | Found a staircase to the Orcish Mines.
  6623 | D:9      | Slain by an orc warrior

Levels and vault maps discovered:
D:1:      zelgadis_glass_arrival_small, layout_basic
D:2:      layout_rooms
D:3:      layout_loops_ring, uniq_grinder
D:4:      minmay_razor_zed, layout_basic, minmay_misc_feat_roman
D:5:      layout_basic, first_ration, kennysheep_generic_room_4
D:6:      layout_basic, lemuel_oklob_altar
D:7:      layout_loops_corners, minmay_temple_entry_glass, the_bakery,
          fedhas_ov_isle_minmay, uniq_menkaure
D:8:      layout_basic, lair_entry_dummy, serial_rivers,
          chequers_serial_rivers_micro_d, chequers_serial_rivers_micro_c,
          chequers_serial_rivers_micro_a, chequers_serial_rivers_small_a,
          chequers_serial_rivers_large_a
D:9:      layout_roguey, tgw_sif, orc_david_3
Temple:   grunt_wide_crystal_templ

Skill      XL: |  1  2  3  4  5  6  7  8  9 |
---------------+----------------------------+-----
Dodging        | 3 4 5 6 |  6.2
Shields        | 3 4 5 6 |  6.1
Unarmed Combat | 3 4 5 6 8 10 | 10.4
Fighting       | 3 4 |  4.8

Action                   |  1- 3 |  4- 6 |  7- 9 | 10-12 || total
-------------------------+-------+-------+-------+-------++-------
Melee: Unarmed           |   103 |   109 |   314 |    41 ||   567
  Use: Scroll            |       |     2 |       |       ||     2
  Eat: Chunk             |    13 |     8 |    39 |     6 ||    66
Armor: Robe              |    65 |    21 |    57 |     6 ||   149
Dodge: Dodged            |    39 |    23 |    89 |    21 ||   172
Block: Shield            |    64 |    48 |   136 |    16 ||   264

Table legend:
 A = Non-vault XP
 B = Vault XP
 C = Vault XP percentage of total XP
 D = Non-vault monster count
 E = Vault monster count
 F = Vault count percentage of total count
                 A         B        C        D         E       F
            +---------+---------+-------+---------+---------+-------
      Total |    5160 |    1361 |  20.9 |     174 |      16 |   8.4
            +---------+---------+-------+---------+---------+-------
        D:1 |      49 |       0 |   0.0 |      30 |       0 |   0.0
        D:2 |      92 |       0 |   0.0 |      19 |       0 |   0.0
        D:3 |     102 |     277 |  73.1 |      21 |       1 |   4.5
        D:4 |     180 |     137 |  43.2 |       9 |       8 |  47.1
        D:5 |     507 |       0 |   0.0 |      24 |       0 |   0.0
        D:6 |     635 |     565 |  47.1 |      17 |       1 |   5.6
        D:7 |    1161 |     370 |  24.2 |      27 |       2 |   6.9
        D:8 |    1710 |       0 |   0.0 |      17 |       0 |   0.0
        D:9 |     724 |      12 |   1.6 |      10 |       4 |  28.6
            +---------+---------+-------+---------+---------+-------
